 Dungeon Crawl Stone Soup version 0.31.0-11-ge490571c62 (webtiles) character file.

Game seed: 5987363041933735944

135 glumbocoin the Changeling (level 5, -1/33 HPs)
             Began as an Octopode Shapeshifter on Feb 9, 2024.
             Killed from afar by an orc wizard (7 damage)
             ... with a magic dart
             ... on level 3 of the Dungeon.
             The game lasted 00:27:54 (3437 turns).

glumbocoin the Changeling (Octopode Shapeshifter)   Turns: 3437, Time: 00:27:55

Health: -1/33      AC:  1    Str: 14    XL:     5   Next: 18%
Magic:  5/5        EV: 13    Int: 12    God:
Gold:   137        SH:  0    Dex: 13    Spells: 2/4 levels left

rFire   . . .        p - +2 short sword (drain)
rCold   . . .        (no shield)
rNeg    . . .        (helmet currently unavailable)
rPois   .            (no amulet)
rElec   .            i - ring of fire
rCorr   .            o - ring of ice
SInv    .            (no ring)
Will    .....        (no ring)
Stlth   +++          (no ring)
HPRegen 0.25/turn    (no ring)
MPRegen 0.09/turn    (no ring)
                     (no ring)

%: no passive effects
@: beast-form
A: beast (slay +2), almost no armour, amphibious, 8 rings, camouflage 1,
gelatinous body 1, (nimble swimmer 1), tentacles
a: Begin Untransformation


You were on level 3 of the Dungeon.
You were a hulking beast.
You visited 1 branch of the dungeon, and saw 3 of its levels.

You collected 137 gold pieces.

Inventory:

Hand Weapons
 f - a +2 heavy trident
 p - a +2 short sword of draining (weapon)
 q - a +1 dagger of venom
Missiles
 j - 7 poisoned darts (quivered)
Armour
 g - a +0 animal skin
Magical Staves
 e - a staff of death
Jewellery
 i - a ring of fire (left tentacle)
 o - a ring of ice (right tentacle)
Talismans
 b - a beast talisman (active)
 c - a flux talisman
 m - a maw talisman
Wands
 d - a wand of light (7)
Potions
 a - a potion of lignification


   Skills:
 + Level 1.5 Fighting
 + Level 1.7 Staves
 + Level 2.4 Dodging
 + Level 3.3 Stealth
 + Level 3.4 Unarmed Combat
 + Level 3.6 Shapeshifting


You had 2 spell levels left.
You knew the following spells:

 Your Spells              Type           Power      Damage    Failure   Level
a - Call Imp              Summ           0%         N/A       45%         2

Your spell library contained the following spells:

 Spells                   Type           Power      Damage    Failure   Level
 Mercury Vapours          Alch/Air       0%         N/A       45%         2
 Sublimation of Blood     Necr           0%         N/A       45%         2
 Mephitic Cloud           Conj/Alch/Air  0%         N/A       69%         3
 Freezing Cloud           Conj/Ice/Air   0%         6-21      100%        5
 Summon Hydra             Summ           0%         N/A       100%        7


Dungeon Overview and Level Annotations

Branches:
Dungeon (3/15)

Altars:


Innate Abilities, Weirdness & Mutations

You are a hulking beast.
Your limbs bulge with bestial killing power. (Slay +2)
You cannot wear most types of armour.
You are amphibious.
You can wear up to eight rings at the same time.
Your skin changes colour to match your surroundings (Stealth+).
Your rubbery body absorbs attacks. (AC +1, EV +1)
((You are camouflaged when in or above water. (Stealth+)))
You have tentacles for arms and can constrict up to eight enemies at once.


Message History

An orc comes into view. It is wielding a +0 short sword.
The orc shouts!
The orc wizard shouts!
The orc shouts! x3
You completely miss the orc. You grab the orc.
You constrict the orc, but do no damage.
The orc wizard mumbles some strange words.
The orc wizard flickers and vanishes!
Deactivating autopickup; reactivate with Ctrl-A.
The orc closely misses you.
You hit the orc.
The orc is lightly wounded.
You constrict the orc, but do no damage.
The orc closely misses you.
You hit the orc. You squeeze the orc.
You kill the orc!
Something hits you. The orc hits you with a +0 short sword.
Things that are here:
a +0 hand axe; a +0 ring mail You hit the orc.
You drain the orc.
You kill the orc!
The orc hits you with a +0 mace.
You barely miss something. Your squeeze misses something. Something hits you.
The orc misses you. x2
Something hits you. The orc hits you with a +0 mace.
You hit the orc. You drain the orc.
You kill the orc!
The orc barely misses you. Something hits you.
You hit the orc. You drain the orc.
You kill the orc!
Something barely misses you. Something hits you.
* * * LOW HITPOINT WARNING * * *
Items here: )) [ †.
You hear some strange, mumbled words.
A puff of flame appears from out of thin air!
The puff of flame hits you.
* * * LOW HITPOINT WARNING * * *
You hear some strange, mumbled words.
A magic dart appears from out of thin air!
The magic dart hits you!
You die...

#. # ... .# #.###.## .# #
#.#....##.####
#.#.............
................
.........>...... ####
.......{h.......######...
.#.#.#).##..............
#.#.#..######..........
#......................
#.......#####..........
#.#.......#....#.........
#.....#...#.##.#.##......
#####...#.#.#.....#......
#.#.#.#.#..#..#......


There were no monsters in sight!

Vanquished Creatures
  Jessica (D:3)
  Robin (D:3)
  2 adders
  A ribbon worm (D:3)
  4 orcs (D:3)
  9 endoplasms
  A giant cockroach (D:1)
  9 hobgoblins
  A quokka (D:1)
  4 ball pythons
  7 bats
  7 frilled lizards
  10 goblins
  7 kobolds
  5 rats
69 creatures vanquished.

Vanquished Creatures (collateral kills)
  A giant cockroach (D:3)
1 creature vanquished.

Grand Total: 70 creatures vanquished

Notes
Turn   | Place    | Note
-------+----------+-------------------------------------------
     0 | D:1      | glumbocoin the Octopode Shapeshifter began the quest for
                  | the Orb.
     0 | D:1      | Reached XP level 1. HP: 13/13 MP: 1/1
   122 | D:1      | Reached XP level 2. HP: 9/18 MP: 2/2
   664 | D:1      | Reached XP level 3. HP: 23/23 MP: 3/3
   727 | D:1      | Reached skill level 1 in Stealth
  1677 | D:2      | Reached skill level 1 in Staves
  2096 | D:3      | Noticed Robin
  2192 | D:3      | Reached XP level 4. HP: 4/28 MP: 4/4
  2429 | D:3      | Found a faded altar of an unknown god.
  2429 | D:3      | Noticed Jessica
  2433 | D:3      | Killed Jessica
  2437 | D:3      | HP: 1/28 [poisoned by Jessica]
  3183 | D:3      | Killed Robin
  3184 | D:3      | Reached XP level 5. HP: 7/33 MP: 5/5
  3362 | D:3      | Learned a level 2 spell: Call Imp
  3437 | D:3      | Killed from afar by an orc wizard

Illustrated notes

Levels and vault maps discovered:
D:1:      saegor_arrival_simple_e, layout_loops_ring, minmay_misc_feat_chi,
          minmay_misc_feat_tower
D:2:      layout_loops_corners, minmay_distorted
D:3:      layout_basic, lemuel_tele_altar, shapermc_ecumenical_altar_flowoftime,
          uniq_robin, uniq_natasha, uniq_jessica

Skill      XL: |  1  2  3  4 |
---------------+-------------+-----
Stealth        | 1 3 |  3.3
Staves         | 1 |  1.7
Fighting       | |  1.5
Dodging        | |  2.4
Unarmed Combat | |  3.4
Shapeshifting  | |  3.6

Action                     |  1- 3 |  4- 6 || total
---------------------------+-------+-------++-------
  Melee: Unarmed           |    15 |       ||    15
         Constrict         |    22 |     9 ||    31
         Tentacles         |    13 |     6 ||    19
         Staff             |    77 |     6 ||    83
         Punch             |     3 |     1 ||     4
         Short sword       |       |    32 ||    32
  Throw: Dart              |     3 |     3 ||     6
   Cast: Call Imp          |       |     1 ||     1
    Use: Scroll            |     4 |       ||     4
         Potion            |     3 |     3 ||     6
   Stab: Sleeping          |    11 |     1 ||    12
 Armour: Skin              |    47 |    40 ||    87
  Dodge: Dodged            |    52 |    47 ||    99
   Form: Beast             |     2 |       ||     2
         Maw               |     1 |       ||     1
